Map: Mothership LE

Players

Zenlike - Winner!

  • Race: Terran Terran
  • League: Gold
  • Spawn Location: 9:00

SCIInewby

  • Race: Protoss Protoss
  • League: Master
  • Spawn Location: 1:00

VOD

Have the link to the VOD?

Description

Time

  • Played on: Feb. 5, 2026, 1:05 p.m.
  • Length: 14:49
Show
View Real Time Build Order
Export as new Build Order

Zenlike Terran - Winner!

Build Orders:  

Get SALT Encoding   

  12  0:03  SCV  
  13  0:15  SCV  
  13  0:18  Supply Depot  
  14  0:30  Refinery  
  14  0:31  SCV  
  15  0:42  Barracks  
  15  0:46  SCV  
  16  0:58  SCV  
  17  1:10  Refinery, SCV  
  18  1:22  SCV  
  19  1:37  Barracks Tech Lab  
  19  1:45  Factory  
  19  1:58  Command Center  
  19  2:02  Marine  
  19  2:07  SCV  
  21  2:20  SCV  
  22  2:40  Starport, Barracks Reactor  
  22  2:43  Orbital Command  
  22  3:09  Siege Tank  
  25  3:13  SCV  
  26  3:29  SCV  
  26  3:33  SCV  
  28  3:41  Medivac  
  30  4:09  Barracks Reactor  
  29  4:33  Liberator  
  29  4:35  Medivac  
  34  4:51  SCV  
  32  4:54  Marine x2  
  34  5:00  Barracks  
  34  5:03  SCV  
  34  5:05  Barracks  
  34  5:06  Cyclone  
  38  5:07  Command Center  
  38  5:22  Supply Depot  
  38  5:37  Barracks  
  38  5:39  Barracks  
  38  5:44  Marine x2, Liberator, SCV  
  38  5:47  SCV  
  45  5:53  Supply Depot  
  45  5:54  Barracks Tech Lab, Barracks  
  45  5:56  SCV  
  46  5:59  Barracks Reactor  
  46  6:01  Barracks  
  46  6:14  Marine x2, SCV x2  
  46  6:18  Supply Depot  
  50  6:26  SCV x2  
  52  6:34  Siege Tank  
  52  6:37  Concussive Shells  
  52  6:38  SCV x2  
  52  6:39  Barracks Tech Lab, Barracks Reactor  
  57  6:40  Marine  
  57  6:41  Marine  
  59  6:50  SCV x2  
  61  6:56  Marine x3  
  64  7:03  SCV  
  65  7:13  SCV  
  65  7:15  SCV  
  67  7:17  SCV  
  67  7:19  Marine x5  
  67  7:20  Marine  
  74  7:25  SCV  
  74  7:26  Engineering Bay  
  74  7:27  SCV  
  74  7:28  Engineering Bay  
  75  7:54  Marine x3  
  75  7:55  Marine x3  
  76  8:01  SCV  
  77  8:05  SCV  
  77  8:07  SCV  
  77  8:14  Marine x4  
  77  8:15  Marine x2  
  77  8:16  Marine  
  77  8:17  Marine  
  77  8:18  Viking x2  
  75  8:26  SCV x2  
  77  8:33  Missile Turret  
  77  8:35  Supply Depot  
  77  8:38  Supply Depot  
  77  8:42  Missile Turret  
  77  8:45  Supply Depot x2  
  77  8:48  Refinery  
  77  8:49  Refinery  
  77  8:50  Supply Depot  
  77  8:56  Marine x4, Viking x2  
  77  8:59  Marine x3  
  77  9:00  SCV x3  
  91  9:03  Command Center  
  91  9:12  SCV x3  
  91  9:16  Supply Depot  
  94  9:22  Marine x2  
  94  9:23  Marine x3  
  99  9:24  SCV  
  99  9:26  Viking, Medivac  
  99  9:30  Starport  
  104  9:33  Refinery  
  104  9:34  Orbital Command, Refinery  
  104  9:43  SCV x2  
  104  9:44  Marine x5  
  111  9:53  Stimpack  
  111  9:55  SCV  
  111  9:56  Viking  
  114  10:00  Terran Infantry Armor Level 1, Starport  
  114  10:02  SCV  
  114  10:03  SCV, Marine  
  114  10:04  Marine x3  
  120  10:07  SCV  
  121  10:14  SCV  
  121  10:15  SCV  
  121  10:17  Starport Reactor  
  123  10:26  Terran Infantry Weapons Level 1  
  123  10:35  Armory  
  123  10:38  Armory  
  123  10:41  SCV x2  
  123  10:42  SCV  
  126  10:46  SCV  
  127  10:52  Starport  
  127  10:53  Viking x2, SCV x2  
  127  10:54  Viking x2, SCV  
  138  10:58  SCV  
  139  11:05  SCV  
  140  11:13  Refinery  
  140  11:20  Supply Depot  
  140  11:25  Supply Depot  
  140  11:32  Combat Shield  
  140  11:37  Supply Depot  
  140  11:38  Terran Vehicle Weapons Level 1  
  140  11:39  Marine x5, SCV x3  
  148  11:42  Marine, SCV, Cyclone  
  153  11:47  Command Center  
  153  11:48  Marine  
  153  11:49  Marine  
  153  11:51  Starport Reactor, SCV x3  
  158  11:54  SCV  
  158  11:56  Viking x2  
  163  12:02  Medivac x2  
  163  12:03  SCV x3  
  163  12:04  Terran Infantry Armor Level 2  
  170  12:08  Terran Ship Weapons Level 1  
  170  12:09  SCV  
  170  12:14  Refinery  
  171  12:15  SCV  
  171  12:17  Starport Reactor  
  172  12:24  Supply Depot  
  172  12:26  Marine, Supply Depot  
  172  12:31  Supply Depot  
  172  12:37  Command Center  
  172  12:45  Marine x3  
  172  12:46  Viking x2, SCV  
  172  12:47  SCV, Marine x7  
  172  12:48  SCV  
  173  13:03  Marine x3  
  167  13:05  Marine x7  
  169  13:21  Marine x3  
  169  13:23  Marine x2, Medivac  
  169  13:24  Marine  
  169  13:25  Marine  
  169  13:27  Marine x2  
  172  13:29  Marine  
  172  13:31  Medivac x4  
  172  13:32  Medivac  
  172  13:33  Medivac  
  163  13:39  Marine x3  
  163  13:41  Marine x2  
  153  13:42  Marine  
  153  13:43  Marine  
  153  13:44  Marine x2  
  153  13:47  Marine  
  151  13:53  Medivac  
  141  13:57  Marine x3  
  141  13:59  Marine x2  
  141  14:00  Marine  
  141  14:01  Marine, Medivac  
  141  14:02  Marine x2  
  149  14:05  Marine  
  152  14:14  Marine x3  
  152  14:17  Marine x3  
  152  14:19  Marine  
  152  14:20  Marine x2  
  152  14:23  Marine  
Show
View Real Time Build Order
Export as new Build Order

SCIInewby Protoss 

Build Orders: Forge Fast Expand (FFE) 

Get SALT Encoding   

  12  0:01  Probe  
  13  0:15  Probe  
  14  0:22  Pylon  
  14  0:29  Probe  
  15  0:42  Forge  
  15  0:46  Probe  
  16  0:51  Assimilator  
  16  0:58  Probe  
  17  1:05  Gateway  
  17  1:13  Probe  
  18  1:35  Nexus  
  18  1:40  Probe  
  19  1:53  Pylon  
  19  2:09  Cybernetics Core  
  19  2:14  Pylon  
  19  2:19  Assimilator  
  19  2:20  Assimilator  
  19  2:37  Probe  
  19  2:38  Photon Cannon  
  20  2:46  Warp Gate  
  20  2:48  Probe  
  20  2:49  Probe  
  22  3:00  Probe  
  23  3:06  Protoss Ground Weapons Level 1  
  23  3:11  Pylon  
  23  3:15  Photon Cannon  
  23  3:27  Photon Cannon  
  23  3:32  Pylon  
  23  3:35  Zealot  
  25  3:44  Probe x2  
  27  3:53  Gateway  
  27  3:56  Probe x2  
  29  4:04  Pylon  
  29  4:10  Gateway  
  29  4:18  Twilight Council  
  29  4:24  Stargate  
  29  4:37  Stalker  
  29  4:49  Zealot  
  31  5:07  Protoss Shields Level 1  
  31  5:12  Assimilator  
  31  5:23  Pylon  
  31  5:30  Probe x2  
  33  5:38  Probe  
  33  5:39  Probe  
  34  5:48  Probe x2  
  34  5:49  Fleet Beacon  
  35  5:53  Stalker x2  
  35  5:56  Zealot  
  43  6:00  Probe  
  44  6:13  Charge, Probe x2  
  46  6:25  Probe  
  46  6:26  Probe  
  46  6:28  Zealot x3  
  54  6:37  Probe  
  54  6:39  Carrier  
  61  7:09  Protoss Ground Armor Level 1  
  61  7:20  Probe x2  
  63  7:28  Nexus  
  63  7:32  Probe x2  
  65  7:43  Tempest, Assimilator  
  65  7:44  Probe  
  70  7:46  Assimilator  
  63  8:15  Carrier  
  63  8:18  Probe  
  63  8:19  Probe  
  71  8:30  Probe  
  71  8:31  Probe  
  73  8:42  Probe  
  73  8:43  Probe  
  73  8:47  Robotics Facility  
  75  8:49  Robotics Facility  
  75  8:55  Probe x3  
  78  9:07  Probe x3  
  81  9:14  Zealot  
  81  9:15  Pylon, Zealot  
  81  9:16  Pylon  
  85  9:17  Zealot  
  85  9:19  Pylon, Carrier  
  101  9:41  Probe x2  
  101  9:45  Mothership  
  103  9:46  Zealot  
  105  9:53  Probe x2  
  105  9:58  Robotics Bay  
  107  10:03  Pylon  
  107  10:17  Probe x2  
  107  10:20  Photon Cannon, Zealot  
  107  10:21  Zealot x2  
  113  10:23  Photon Cannon  
  113  10:24  Carrier  
  121  10:29  Probe  
  122  10:46  Extended Thermal Lance  
  122  11:00  Pylon  
  122  11:03  Pylon  
  122  11:08  Colossus  
  122  11:10  Colossus  
  134  11:29  Void Ray  
  134  11:32  Anion Pulse-Crystals  
  138  11:44  Zealot  
  140  12:06  Probe  
  141  12:11  Pylon  
  141  12:12  Pylon  
  141  12:14  Pylon  
  141  12:29  Probe, Colossus  
  146  12:31  Colossus  
  146  12:35  Void Ray  
  146  12:36  Flux Vanes  
  158  12:42  Photon Cannon  
  158  12:43  Photon Cannon  
  158  12:46  Photon Cannon  
  158  12:48  Photon Cannon  
  146  13:18  Void Ray  
  142  13:23  Colossus  
  142  13:25  Colossus  
  118  13:41  Stalker  
  96  14:00  Phoenix  
  82  14:23  Phoenix  
  71  14:27  Stalker  
Tags
 
Add a new tag
Caveats
  • Supply blocks, unpowered buildings, or Contaminate may cause inaccurate times.
  • Supply counts are checked every 10 seconds.